 Dungeon Crawl Stone Soup version 0.17-a0-1368-g6ab37f2 (webtiles) character file.

2917 abixa the Cleaver (level 9, 0/83 HPs)
             Began as a Hill Orc Berserker on June 12, 2015.
             Was a High Priest of Trog.
             Slain by an orc warrior
             ... wielding a +0 short sword of draining
              (1 damage)
             ... on level 7 of the Dungeon.
             The game lasted 00:26:27 (6790 turns).

abixa the Cleaver (Hill Orc Berserker)              Turns: 6790, Time: 00:26:28

Health: 0/83       AC:  9    Str: 20    XL:     9   Next: 79%
Magic:  9/9        EV: 10    Int:  7    God:    Trog [*****.]
Gold:   509        SH:  0    Dex: 13    Spells: 0 memorised, 8 levels left

rFire  . . .     SeeInvis .     a - +0 war axe
rCold  . . .     Clarity  .     S - +0 ring mail (curse)
rNeg   . . .     SustAt   .     (no shield)
rPois  .         Gourm    .     x - +0 helmet
rElec  .         Spirit   .     E - +2 cloak
rCorr  .         Warding  .     (no gloves)
rMut   .         Stasis   .     (no boots)
MR     .....                    L - amulet of faith
Stlth  +.........               (no ring)
                                (no ring)

@: very heavily drained, not resistant to hostile enchantments, very unstealthy
A: no striking features
a: Burn Spellbooks, Berserk, Trog's Hand, Brothers in Arms, Renounce Religion


You were on level 7 of the Dungeon.
You worshipped Trog.
Trog was extremely pleased with you.
You were near starving.

You visited 2 branches of the dungeon, and saw 8 of its levels.
You also visited: Ossuary.

You collected 509 gold pieces.

Inventory:

Hand weapons
 a - a +0 war axe (weapon)
 b - a +0 blowgun
 j - a +2 trident
 R - a +1 hunting sling of flaming
 X - a +2 dagger of venom
Missiles
 d - 163 stones (quivered)
 k - 16 sling bullets of frost
 l - 4 tomahawks
 q - 69 sling bullets
 D - 4 poisoned needles
 T - 5 steel sling bullets
Armour
 s - a +0 scale mail
 x - a +0 helmet (worn)
 E - a +2 cloak (worn)
 S - a cursed +0 ring mail (worn)
 W - a +0 chain mail
Jewellery
 L - an amulet of faith (around neck)
Magical devices
 e - a wand of random effects (16)
 w - a wand of slowing (13)
Scrolls
 h - 2 scrolls of random uselessness
 i - 2 scrolls of enchant armour
 n - a scroll of immolation {unknown}
 o - 2 scrolls of noise {unknown}
 r - 2 scrolls of enchant weapon {unknown}
 y - 5 scrolls of teleportation
 C - 2 scrolls of blinking {unknown}
 F - 2 scrolls of fear {unknown}
 M - 2 scrolls of remove curse {unknown}
 N - a scroll of magic mapping {unknown}
 Q - a scroll of recharging {unknown}
Potions
 g - a potion of lignification {unknown}
 m - 5 potions of agility {unknown}
 p - 5 potions of curing {unknown}
 z - 5 potions of cure mutation {unknown}
 A - a potion of brilliance {unknown}
 B - a potion of flight {unknown}
 G - a potion of might {unknown}
 H - a potion of poison {unknown}
 I - a potion of berserk rage {unknown}
 J - 2 potions of magic {unknown}
 K - 3 potions of degeneration {unknown}
 P - a potion of cancellation {unknown}
Comestibles
 c - 6 bread rations
 f - 5 meat rations
 u - 2 slices of pizza
 v - a royal jelly
 O - 2 fruits
 U - a beef jerky


   Skills:
 + Level 9.0(2.3) Fighting
 * Level 12.4(5.1) Axes
 - Level 7.3(0.9) Armour
 - Level 1.5(0.0) Dodging


You had 8 spell levels left.
You didn't know any spells.

Dungeon Overview and Level Annotations

Branches:
Dungeon (7/15)             Temple (1/1) D:4

Altars:
Ashenzari
Cheibriados
Dithmenos
Elyvilon
Fedhas
Kikubaaqudgha
Makhleb
Nemelex Xobeh
Qazlal
Ru
Sif Muna
Trog
Vehumet
Xom
Yredelemnul
Zin
The Shining One

Shops:
D:4 (


Message History

The orc warrior is heavily wounded.
The orc warrior hits you with a short sword of draining.
* * * LOW HITPOINT WARNING * * *
You feel drained.
* * * LOW HITPOINT WARNING * * *
You hit the orc warrior but do no damage.
The orc warrior is heavily wounded.
The orc warrior hits you with a short sword of draining!
* * * LOW HITPOINT WARNING * * *
You feel drained.
* * * LOW HITPOINT WARNING * * *
The orc warrior hits you with a short sword of draining.
* * * LOW HITPOINT WARNING * * *
You feel drained.
You hit the orc warrior.
The orc warrior is heavily wounded.
The orc warrior hits you with a short sword of draining.
* * * LOW HITPOINT WARNING * * *
You feel drained.
You die...

.>.........#
...#...##### .#
##
.....>)..########
<# ..
..)##............
.... ..
####.######## .#.
# #.# ##.. ###.#
#o. #...### #o#
#.#...# #@#
#..###.## #)#
#.##
#(####.###### #.#
#...........#
#.##
##.####.####.#
#..###.## #.#
#.#...## #..
#.....# ####
###...#


You could see an orc warrior and an orc.

Vanquished Creatures
  The ghost of Volodja the Grappler, an average TrMo (D:5)
  The ghost of abixa the Cleaver, an average HOBe of Trog (D:4)
  Edmund (D:5)
  A hippogriff (D:5)
  An ice beast (D:6)
  An orc warrior (D:6)
  A phantom (D:5)
  7 ogres
  A scorpion (D:6)
  A centaur zombie (D:6)
  A giant frog zombie (D:6)
  5 wights (D:6)
  A crimson imp (D:6)
  2 hounds (D:6)
  5 orc wizards
  Crazy Yiuf (D:4)
  3 orc priests (D:6)
  A jelly (D:5)
  6 worker ants
  Natasha (thrice) (D:2)
  2 iguanas
  A quasit (D:4)
  A hound zombie (D:4)
  9 mummies
  Robin (D:2)
  9 adders
  3 gnolls (D:6)
  2 oozes
  7 worms
  An adder skeleton (D:6)
  3 giant geckos
  26 orcs
  3 ball pythons
  9 bats
  A bat skeleton (D:4)
  4 giant cockroaches
  2 gnoll zombies (Ossuary)
  10 hobgoblins
  6 jackals
  11 kobolds
  3 quokkas
  2 giant gecko skeletons
  5 giant newts
  17 goblins
  5 hobgoblin zombies
  2 kobold zombies (Ossuary)
  An orc zombie (Ossuary)
  A quokka zombie (D:6)
  12 rats
203 creatures vanquished.

Notes
Turn   | Place    | Note
--------------------------------------------------------------
     0 | D:1      | abixa the Hill Orc Berserker began the quest for the Orb.
     0 | D:1      | Reached XP level 1. HP: 19/19 MP: 1/1
   496 | D:1      | Reached XP level 2. HP: 24/26 MP: 2/2
   824 | D:1      | Reached skill level 5 in Axes
   847 | D:1      | HP: 1/26 [poisoned by an adder]
  1083 | D:2      | Reached XP level 3. HP: 21/31 MP: 3/3
  1226 | D:2      | Noticed Robin
  1237 | D:2      | Killed Robin
  1237 | D:2      | Acquired Trog's second power
  1239 | D:2      | Reached skill level 6 in Axes
  1242 | D:2      | Reached XP level 4. HP: 39/39 MP: 4/4
  1264 | D:2      | Noticed Natasha
  1279 | D:2      | Killed Natasha
  1355 | D:2      | Noticed Natasha
  1365 | D:2      | Killed Natasha
  1733 | D:2      | Reached XP level 5. HP: 45/45 MP: 5/5
  1794 | D:2      | Noticed Natasha
  1799 | D:2      | Killed Natasha
  1827 | D:2      | Found a faded altar to an unknown god.
  1991 | D:2      | Found a glowing golden altar of the Shining One.
  2220 | D:3      | Reached skill level 7 in Axes
  2704 | D:4      | Found Wetes's Antique Weapon Emporium.
  2737 | D:4      | Found a sand-covered staircase.
  2741 | D:4      | Reached XP level 6. HP: 51/51 MP: 6/6
  2744 | Ossuary  | Entered an ossuary
  2864 | Ossuary  | Reached skill level 8 in Axes
  3056 | D:4      | Noticed an ogre
  3063 | D:4      | Killed an ogre
  3086 | D:4      | Noticed abixa's ghost (average HOBe)
  3168 | D:4      | Reached XP level 7. HP: 41/59 MP: 7/7
  3199 | D:4      | Acquired Trog's third power
  3221 | D:4      | Reached skill level 5 in Armour
  3372 | D:4      | Found a staircase to the Ecumenical Temple.
  3372 | D:4      | Found a stormy altar of Qazlal.
  3376 | D:4      | Found a radiant altar of Vehumet.
  3383 | Temple   | Entered the Ecumenical Temple
  3583 | D:4      | Found a sparkling altar of Nemelex Xobeh.
  3584 | D:4      | Found a shimmering altar of Xom.
  3586 | D:4      | Found a white marble altar of Elyvilon.
  3588 | D:4      | Found a basalt altar of Yredelemnul.
  3590 | D:4      | Noticed an ogre
  3622 | D:4      | Killed an ogre
  3690 | D:4      | Noticed Crazy Yiuf
  3704 | D:4      | Killed Crazy Yiuf
  3757 | D:4      | Found a glowing silver altar of Zin.
  3810 | D:4      | Noticed an ogre
  3821 | D:4      | Killed an ogre
  3821 | D:4      | Reached skill level 5 in Fighting
  3846 | D:4      | Noticed an ogre
  3857 | D:4      | Killed an ogre
  3869 | D:4      | Reached skill level 9 in Axes
  4039 | D:4      | Killed abixa's ghost
  4039 | D:4      | Reached XP level 8. HP: 70/70 MP: 8/8
  4156 | D:5      | Entered Level 5 of the Dungeon
  4176 | D:5      | Noticed Edmund
  4312 | D:5      | Killed Edmund
  4406 | D:5      | Reached skill level 10 in Axes
  4442 | D:5      | Noticed Volodja's ghost (average TrMo)
  4656 | D:5      | Killed Volodja's ghost
  4656 | D:5      | Reached XP level 9. HP: 79/79 MP: 9/9
  4786 | D:5      | Found a radiant altar of Vehumet.
  5097 | D:6      | Reached skill level 11 in Axes
  5676 | D:6      | Received a gift from Trog
  5862 | D:6      | Reached skill level 12 in Axes
  6310 | D:6      | HP: 3/83 [orc warrior/dire flail of draining (5)]
  6790 | D:7      | HP: 1/83 [orc warrior/short sword of draining (4)]
  6790 | D:7      | Slain by an orc warrior

Vault maps used:
D:1:      dpeg_arrival_boxorama, corexii_item_surrounded_by_moat
D:2:      ecumenical_altar_1, tso_altar, uniq_robin, uniq_natasha
D:4:      grunt_temple_overflow_open, minmay_temple_entry_butterflies,
          serial_shops, shop, nicolae_ossuary_entry_giza,
          uniq_crazy_yiuf_cottage
D:5:      basic_altar, first_bread, uniq_edmund
D:6:      hangedman_decor_points
D:7:      enter_bailey_7, grunt_livestock
Temple:   roderic_octagonal_lattice_temple
Ossuary:  ossuary_tomb_3

Action                   |  1- 3 |  4- 6 |  7- 9 || total
-------------------------+-------+-------+-------++-------
Melee: Hand axe          |    81 |   126 |       ||   207
       War axe           |       |   136 |   386 ||   522
 Fire: Blowgun           |       |       |    25 ||    25
Throw: Stone             |     4 |    41 |    52 ||    97
Invok: Berserk           |     1 |       |     3 ||     4
Evoke: Wand              |       |     2 |     6 ||     8
  Use: Scroll            |       |       |     4 ||     4
  Eat: Chunk             |     1 |     7 |    13 ||    21
       Fruit             |       |       |     1 ||     1
